 Dungeon Crawl Stone Soup version 0.24.1-14-gf8d2b509d9 (webtiles) character file.

Game seed: 13293070769173517145, levelgen mode: deterministic

74 Gabide the Shooter (level 4, 0/34 HPs)
             Began as a Human Hunter on May 20, 2020.
             Was an Initiate of Fedhas.
             Slain by an orc warrior
             ... wielding a +0 glaive
              (18 damage)
             ... on level 2 of the Dungeon.
             The game lasted 00:06:02 (1570 turns).

Gabide the Shooter (Human Hunter)                   Turns: 1570, Time: 00:06:03

Health: 0/34       AC:  5    Str: 13    XL:     4   Next: 54%
Magic:  4/4        EV: 12    Int: 12    God:    Fedhas [......]
Gold:   126        SH:  0    Dex: 13    Spells: 3/3 levels left

rFire    . . .     SeeInvis .   a - +1 shortbow
rCold    . . .     Gourm    .   (shield currently unavailable)
rNeg     . . .     Faith    .   c - +0 leather armour
rPois    .         Spirit   .   (no helmet)
rElec    .         Reflect  .   l - +1 cloak
rCorr    .         Harm     .   (no gloves)
MR       .....                  (no boots)
Stlth    +.........             (no amulet)
HPRegen  0.11/turn              (no ring)
MPRegen  0.09/turn              (no ring)

@: no status effects
A: no striking features
a: Renounce Religion


You were on level 2 of the Dungeon.
You worshipped Fedhas.
Fedhas was noncommittal.
You were not hungry.

You visited 1 branch of the dungeon, and saw 2 of its levels.

You collected 126 gold pieces.

Inventory:

Hand Weapons
 a - a +1 shortbow (weapon)
 b - a +0 short sword
 g - a +0 dagger of electrocution
 h - a +3 whip
Missiles
 d - 56 arrows (quivered)
Armour
 c - a +0 leather armour (worn)
 i - a scarf of cloud immunity
 l - a +1 cloak (worn)
 o - a cursed -2 robe
Jewellery
 j - a cursed amulet of regeneration {unknown}
Potions
 e - a potion of berserk rage
 k - 2 potions of curing {unknown}
 m - a potion of lignification {unknown}
 n - a potion of invisibility {unknown}
Comestibles
 f - 3 rations


   Skills:
 + Level 2.3 Fighting
 * Level 5.4 Bows
 + Level 0.5 Armour
 + Level 2.0 Dodging
 + Level 1.0 Stealth


You had 3 spell levels left.
You didn't know any spells.
Your spell library was empty.

Dungeon Overview and Level Annotations

Branches:
Dungeon (2/15)

Altars:
Fedhas


Message History

The orc wizard mumbles some strange words.
The orc wizard flickers and vanishes!
Deactivating autopickup; reactivate with Ctrl-A.
The orc warrior closely misses you.
Unknown command.
Firing (i - inventory)
d - 58 arrows (quivered)
Press: ? - help, Shift-Dir - straight line, f/p - orc warrior
Aim: an orc warrior, wielding a +0 glaive and wearing a +0 chain mail (lightly wounded)
You shoot an arrow.
The arrow barely misses the orc warrior.
The orc warrior hits you from afar with a +0 glaive!
Firing (i - inventory)
d - 57 arrows (quivered)
Press: ? - help, Shift-Dir - straight line, f/p - orc warrior
Aim: an orc warrior, wielding a +0 glaive and wearing a +0 chain mail (lightly wounded)
You shoot an arrow.
The arrow closely misses the orc warrior.
The orc warrior hits you from afar with a +0 glaive!!
Ouch! That really hurt!
You die...
Fedhas appreciates your contribution to the ecosystem.

#.†.##.# #...# #.≈≈≈
.......# #...# #..≈≈
.....### #...# #..≈≈
.....##############.##
#...≈
.....#...........)..#
#.#..
.....#.###......######
#.##.
######.###......##...#####
#....
#.##.....#.#.........
##### #.##.......@.....#
#.##....##.#.....#
#.......##.##o..##
####.......###(##
##.####### (# ##...######
o. #.........# ...
##.o.####.# ...#
##.......# ...#


You could see an orc warrior.

Vanquished Creatures
  A gnoll (D:1)
  2 adders (D:2)
  An ooze (D:1)
  4 leopard geckos
  An orc (D:2)
  3 bats
  A giant cockroach (D:2)
  5 goblins
  7 hobgoblins
  A ball python (D:2)
  5 kobolds
  6 rats
37 creatures vanquished.

Notes
Turn   | Place    | Note
-------+----------+-------------------------------------------
     0 | D:1      | Gabide the Human Hunter began the quest for the Orb.
     0 | D:1      | Reached XP level 1. HP: 16/16 MP: 1/1
   126 | D:1      | Reached XP level 2. HP: 22/22 MP: 2/2
   270 | D:1      | Reached XP level 3. HP: 15/27 MP: 3/3
   588 | D:2      | Reached skill level 5 in Bows
   638 | D:2      | Reached XP level 4. HP: 33/33 MP: 4/4
   871 | D:2      | Found a blossoming altar of Fedhas.
   938 | D:2      | Became a worshipper of Fedhas Madash
  1169 | D:2      | Noticed an orc warrior
  1570 | D:2      | Slain by an orc warrior

Levels and vault maps discovered:
D:1:      scummos_arrival_star, layout_basic, minmay_misc_feat_pillars
D:2:      layout_loops_cross, first_ration, fedhas_ov_isle_minmay

Skill      XL: |  1  2  3 |
---------------+----------+-----
Bows           | 5 |  5.4
Fighting       | |  2.3
Armour         | |  0.5
Dodging        | |  2.0
Stealth        | |  1.0

Action                   |  1- 3 |  4- 6 || total
-------------------------+-------+-------++-------
 Fire: Shortbow          |    53 |    45 ||    98
  Use: Scroll            |     3 |     4 ||     7
  Eat: Ration            |       |     1 ||     1
Armor: Leather armour    |     1 |     3 ||     4
Dodge: Dodged            |     5 |     7 ||    12
